 Dungeon Crawl Stone Soup version 0.31-a0-222-gefeffbb62a (webtiles) character file.

Game seed: 10482856828919559129

620 protoss039 the Digger (level 7, -12/52 HPs)
             Began as a Demonspawn Earth Elementalist on July 5, 2023.
             Mangled by an ogre
             ... wielding a +0 giant club
              (29 damage)
             ... on level 5 of the Dungeon.
             The game lasted 00:08:08 (4218 turns).

protoss039 the Digger (DsEE)                        Turns: 4218, Time: 00:08:10

Health: -12/52     AC:  5    Str:  8    XL:     7   Next: 22%
Magic:  9/12       EV: 16    Int: 18    God:
Gold:   202        SH:  0    Dex: 16    Spells: 7/13 levels left

rFire   + . .        c - +0 dagger
rCold   . . .        (no shield)
rNeg    . . .        k - +0 leather armour
rPois   .            z - +0 helmet
rElec   .            (no cloak)
rCorr   .            (no gloves)
SInv    .            i - +0 pair of boots {rampage}
Will    .....        a - amulet of magic regeneration
Stlth   +++          j - ring of protection from fire
HPRegen 0.28/turn    r - +5 ring of evasion
MPRegen 0.53/turn

%: rampage
@: very slightly contaminated
A: thin skeletal structure 1, powered by death 2
a: no special abilities


You were on level 5 of the Dungeon.
You visited 1 branch of the dungeon, and saw 6 of its levels.

You collected 202 gold pieces.

Inventory:

Hand Weapons
 c - a +0 dagger (weapon)
Armour
 i - a +0 pair of boots of rampaging (worn)
 k - a +0 leather armour (worn)
 z - a +0 helmet (worn)
Jewellery
 a - an amulet of magic regeneration (around neck)
 j - a ring of protection from fire (left hand)
 q - a ring of protection from fire
 r - a +5 ring of evasion (right hand)
 B - an amulet of guardian spirit
Wands
 y - a wand of paralysis (9)
Scrolls
 e - a scroll of identify
 f - 5 scrolls of teleportation
 g - a scroll of blinking {unknown}
 n - a scroll of revelation {unknown}
 o - a scroll of amnesia {unknown}
 s - a scroll of noise {unknown}
 t - a scroll of enchant armour {unknown}
 u - 2 scrolls of immolation {unknown}
Potions
 b - a potion of magic
 d - a potion of curing
 h - 2 potions of enlightenment
 l - a potion of lignification {unknown}
 m - a potion of resistance {unknown}
 p - a potion of attraction {unknown}
 v - 2 potions of might {unknown}
 w - a potion of mutation {unknown}
 x - a potion of heal wounds {unknown}
 A - a potion of degeneration {unknown}


   Skills:
 + Level 3.3 Fighting
 + Level 2.7 Armour
 - Level 1.7 Dodging
 - Level 1.7 Stealth
 + Level 3.8 Spellcasting
 + Level 2.7 Conjurations
 - Level 0.8 Transmutations
 + Level 4.2 Earth Magic


You had 7 spell levels left.
You knew the following spells:

 Your Spells              Type           Power      Damage    Failure   Level
a - Sandblast             Erth           36%        2d10      3%          1
b - Passwall              Tmut/Erth      10%        N/A       11%         2
c - Stone Arrow           Conj/Erth      32%        3d9       16%         3

Your spell library contained the following spells:

 Spells                   Type           Power      Damage    Failure   Level
 Call Canine Familiar     Summ           3%         N/A       54%         3
 Portal Projectile        Hex/Tloc       6%         N/A       54%         3
 Petrify                  Tmut/Erth      12%        N/A       58%         4
 Leda's Liquefaction      Hex/Erth       5%         N/A       65%         4


Dungeon Overview and Level Annotations

Branches:
Dungeon (6/15) Zot: 26972
 Temple: D:4-7

Altars:
Cheibriados
Fedhas
Qazlal
Yredelemnul

Annotations:
D:5 exclusion: water moccasin
D:6 Blork the orc


Innate Abilities, Weirdness & Mutations

You have a somewhat thin skeletal structure. (Dex +2, Stealth+)
You regenerate health from kills.


Message History

Okay, then.
Okay, then.
Casting: Sandblast (safe; 3% risk of failure)
Confirm with . or Enter, or press ? or * to list all spells.
Aiming: Sandblast (safe; 3% risk of failure)
Press: ? - help, Shift-Dir - straight line, f/p - ogre
Aim: an ogre, wielding a +0 giant club (moderately wounded, 91% to hit)
You miscast Sandblast.
You are very lightly contaminated with residual magic.
Nothing appears to happen.
The orc hits you but does no damage.
Unknown command.
Unknown command.
Casting: Sandblast (safe; 3% risk of failure)
Confirm with . or Enter, or press ? or * to list all spells.
Aiming: Sandblast (safe; 3% risk of failure)
Press: ? - help, Shift-Dir - straight line, f/p - ogre
Aim: an ogre, wielding a +0 giant club (moderately wounded, 91% to hit)
The blast of sand hits the orc!
You kill the orc!
Unknown command.
Unknown command.
Casting: Sandblast (safe; 3% risk of failure)
Confirm with . or Enter, or press ? or * to list all spells.
Aiming: Sandblast (safe; 3% risk of failure)
Press: ? - help, Shift-Dir - straight line, f/p - ogre
Aim: an ogre, wielding a +0 giant club (moderately wounded, 91% to hit)
The blast of sand hits the ogre.
The ogre is heavily wounded.
The ogre closely misses you.
Unknown command.
Casting: Sandblast (safe; 3% risk of failure)
Confirm with . or Enter, or press ? or * to list all spells.
Aiming: Stone Arrow (dangerous; 16% risk of failure)
Press: ? - help, Shift-Dir - straight line, f/p - ogre
Aim: an ogre, wielding a +0 giant club (heavily wounded, 85% to hit)
The stone arrow hits the ogre!
The ogre is almost dead.
The ogre hits you with a +0 giant club!!
Ouch! That really hurt!
You die...

.....'....)..................##
##...#######.#.##.............#
.+..................>.......###
##........##.#....##.#.#..#..#
.'........##.#....##.#.#..#..#
##........##.#....##.#.#..#..##
..........##.#.#..##.#........#
#.........##.#....##......##.##
..........##...#@######...##.#
..###............O........##.#
..# #######..###.#######..##.#
..# #.###...# #..........##.#
..####.......# #########.###.#
.......#################.###.##
#.#..#.# #..................#
.....#.#####.###########.#.#.##
.>...........# ###.#.#


You could see an ogre.

Vanquished Creatures
  An ice beast (D:5)
  An ogre (D:5)
  A scorpion (D:5)
  3 hounds
  A sleepcap (D:5)
  4 iguanas (D:5)
  An orc wizard (D:5)
  6 adders
  6 dart slugs
  4 orcs
  An endoplasm (D:4)
  6 giant cockroaches
  8 goblins
  6 hobgoblins
  8 kobolds
  5 quokkas
  7 ball pythons
  5 bats
  3 frilled lizards
  6 rats
83 creatures vanquished.

Vanquished Creatures (others)
  A kobold (D:2)
1 creature vanquished.

Grand Total: 84 creatures vanquished

Notes
Turn   | Place    | Note
-------+----------+-------------------------------------------
     0 | D:1      | protoss039 the Demonspawn Earth Elementalist began the
                  | quest for the Orb.
     0 | D:1      | Reached XP level 1. HP: 13/13 MP: 3/3
   165 | D:1      | Found a faded altar of an unknown god.
   566 | D:1      | Gained mutation: You regenerate a little health from kills.
                  | [demonic ancestry]
   566 | D:1      | Reached XP level 2. HP: 20/20 MP: 3/5
   833 | D:2      | Reached skill level 1 in Fighting
   903 | D:2      | Learned a level 2 spell: Passwall
   964 | D:2      | Reached skill level 3 in Earth Magic
  1441 | D:2      | Reached XP level 3. HP: 26/26 MP: 4/6
  1808 | D:2      | Learned a level 3 spell: Stone Arrow
  1823 | D:3      | Found a stormy altar of Qazlal.
  1914 | D:3      | Found a basalt altar of Yredelemnul.
  1989 | D:3      | Reached skill level 1 in Armour
  2321 | D:3      | Reached XP level 4. HP: 33/33 MP: 7/7
  2518 | D:4      | Reached skill level 1 in Conjurations
  2524 | D:4      | Gained mutation: You have a somewhat thin skeletal
                  | structure. (Dex +2, Stealth+) [demonic ancestry]
  2524 | D:4      | Reached XP level 5. HP: 37/38 MP: 6/9
  2572 | D:4      | Found a blossoming altar of Fedhas.
  2922 | D:5      | Entered Level 5 of the Dungeon
  3226 | D:5      | Noticed a water moccasin
  3259 | D:5      | Noticed an ice beast
  3277 | D:5      | Killed an ice beast
  3278 | D:5      | Reached XP level 6. HP: 15/46 MP: 2/10
  3647 | D:5      | Reached skill level 4 in Earth Magic
  3649 | D:5      | Gained mutation: You regenerate health from kills. [demonic
                  | ancestry]
  3649 | D:5      | Reached XP level 7. HP: 19/52 MP: 9/12
  3793 | D:5      | Found a snail-covered altar of Cheibriados.
  4017 | D:5      | Found Juporodu's Book Shop.
  4196 | D:6      | Noticed Blork the orc
  4218 | D:5      | Mangled by an ogre

Illustrated notes

Levels and vault maps discovered:
D:1:      amcnicky_arrival_choice, layout_basic, ebering_ecumenical_altar_mist
D:2:      layout_basic, st_stairs_9
D:3:      minmay_octagon_keep, layout_basic, mainiacjoe_overflow_cross_hatched,
          tso_oasis_becter, mainiacjoe_overflow_catch_the_wave,
          minmay_misc_feat_iff, minmay_misc_feat_x, hex_intersection
D:4:      layout_cave_pools, old_standard_altar, zin_statuary, dk_vineyard_3
D:5:      layout_basic, mainiacjoe_overflow_paths, serial_shops, shop,
          roderic_serpentine_path, serial_park_tiny_2
D:6:      layout_rooms, uniq_edmund, uniq_blork_the_orc, uniq_eustachio,
          uniq_sigmund

Skill      XL: |  1  2  3  4  5  6 |
---------------+-------------------+-----
Fighting       | 1 2 3 |  3.3
Earth Magic    | 3 4 |  4.2
Armour         | 1 2 |  2.7
Conjurations   | 1 2 |  2.7
Spellcasting   | 3 |  3.8
Dodging        | |  1.7
Stealth        | |  1.7
Transmutations | |  0.8

Action                     |  1- 3 |  4- 6 |  7- 9 || total
---------------------------+-------+-------+-------++-------
  Melee: Dagger            |    52 |     3 |     2 ||    57
   Cast: Sandblast         |    57 |    76 |    16 ||   149
         Stone Arrow       |       |     3 |     1 ||     4
    Use: Scroll            |       |     3 |       ||     3
         Potion            |       |     1 |     1 ||     2
   Stab: Sleeping          |     4 |     1 |     2 ||     7
 Armour: Leather armour    |    29 |    12 |     5 ||    46
  Dodge: Dodged            |    63 |    69 |    17 ||   149

Table legend: (Time is in decaauts)
 A = Elapsed time spent in this place.
 B = Non-inter-level travel time spent in this place.
 C = Inter-level travel time spent in this place.
 D = Time resting spent in this place.
 E = Time spent auto-exploring this place.
 F = Levels seen in this place.
 G = Mean time per level.
                   A        B        C        D        E       F      G
               +--------+--------+--------+--------+--------+-----+--------+
         Total |   4291 |   4156 |    135 |    341 |   3176 |   6 |  715.2 |
       Dungeon |   4291 |   4156 |    135 |    341 |   3176 |   6 |  715.2 |
               +--------+--------+--------+--------+--------+-----+--------+

Top non-repeatable levels by time:
     D:5: 1317 daAuts
     D:2: 1002 daAuts
     D:1: 828 daAuts
     D:3: 638 daAuts
     D:4: 500 daAuts
     D:6: 4 daAuts
